Map: Romanticide LE

Players

flyrevciozz - Winner!

  • Race: Protoss Protoss
  • League: Master

Nessy

  • Race: Protoss Protoss
  • League: Gold

VOD

Have the link to the VOD?

Description

Time

  • Played on: May 2, 2021, 4:28 p.m.
  • Length: 3:27
Show
View Real Time Build Order
Export as new Build Order

flyrevciozz Protoss - Winner!

Build Orders:  

Get SALT Encoding   

  12  0:00  Probe  
  13  0:13  Probe  
  14  0:17  Pylon  
  14  0:25  Probe  
  15  0:35  Gateway  
  15  0:51  Probe (Chrono Boost)  
  15  0:54  Assimilator  
  15  0:55  Assimilator  
  16  1:03  Probe (Chrono Boost)  
  17  1:08  Gateway  
  17  1:16  Probe (Chrono Boost)  
  18  1:27  Cybernetics Core  
  18  1:28  Probe (Chrono Boost)  
  19  1:36  Probe (Chrono Boost)  
  20  1:43  Probe  
  21  1:54  Pylon  
  21  1:56  Probe  
  22  2:08  Probe  
  23  2:11  Stalker (Chrono Boost)  
  27  2:19  Stalker (Chrono Boost)  
  27  2:22  Probe  
  28  2:48  Nexus  
  28  2:49  Probe  
  29  2:57  Stalker  
Show
View Real Time Build Order
Export as new Build Order

Nessy Protoss 

Build Orders:  

Get SALT Encoding   

  12  0:00  Probe  
  13  0:12  Probe  
  14  0:20  Pylon  
  14  0:24  Probe  
  15  0:42  Gateway, Probe (Chrono Boost)  
  16  0:52  Assimilator  
  16  0:53  Probe (Chrono Boost)  
  17  0:57  Probe (Chrono Boost)  
  18  1:09  Pylon, Probe (Chrono Boost)  
  19  1:21  Probe (Chrono Boost)  
  20  1:29  Probe (Chrono Boost)  
  20  1:32  Cybernetics Core  
  20  1:35  Probe  
  20  1:39  Assimilator  
  21  1:47  Probe  
  22  1:59  Probe  
  23  2:11  Probe  
  23  2:13  Stargate  
  24  2:20  Stalker  
  26  2:23  Probe  
  26  2:28  Nexus  
  27  2:36  Probe  
  28  2:50  Stalker  
  30  3:03  Probe (Chrono Boost)  
  31  3:18  Probe (Chrono Boost)  
Tags
 
Add a new tag
Caveats
  • Supply blocks, unpowered buildings, or Contaminate may cause inaccurate times.
  • Supply counts are checked every 10 seconds.